 Dungeon Crawl Stone Soup version 0.29-a0-284-gf9362112df (webtiles) character file.

Game seed: 11201553620341819788

90 Ijustatesigmund the Skirmisher (level 4, -3/61 HPs)
             Began as a Minotaur Fighter on Mar 15, 2022.
             Killed from afar by an orc wizard (5 damage)
             ... with a puff of flame
             ... on level 3 of the Dungeon.
             The game lasted 00:02:43 (1211 turns).

Ijustatesigmund the Skirmisher (Minotaur Fighter)   Turns: 1211, Time: 00:02:44

Health: -3/61      AC: 22    Str: 23    XL:     4   Next: 32%
Magic:  3/3        EV:  2    Int:  5    God:
Gold:   97         SH:  0    Dex:  9    Spells: 3/3 levels left

rFire   . . .      SeeInvis .   a - +0 war axe
rCold   . . .      Faith    .   c - +0 buckler
rNeg    . . .      Spirit   .   (body armour currently unavailable)
rPois   +          Reflect  .   (helmet currently unavailable)
rElec   .          Harm     .   (cloak currently unavailable)
rCorr   .          Rampage  .   (gloves currently unavailable)
Will    .....      NoTele   +   (boots currently unavailable)
Stlth   +.........              (no amulet)
HPRegen 0.20/turn               (no ring)
MPRegen 0.08/turn               (no ring)

@: confused, lethally poisoned (-3 -> -9), tree-form, hasted, very quick
A: stationary, stasis, torment immunity, boosted hp, (horns 2), (retaliatory
headbutt), high MP 1, (electricity resistance)
a: no special abilities


You were on level 3 of the Dungeon.
You were a tree.
You visited 1 branch of the dungeon, and saw 4 of its levels.

You collected 97 gold pieces.

Inventory:

Hand Weapons
 a - a +0 war axe (weapon)
Armour
 b - a +2 scale mail of fire resistance (melded)
 c - a +0 buckler (worn)
Scrolls
 h - a scroll of vulnerability {unknown}
 k - a scroll of blinking {unknown}
Potions
 d - a potion of might
 e - a potion of attraction
 f - a potion of mutation


   Skills:
 + Level 4.4 Fighting
 * Level 4.3 Axes
 - Level 3.6 Armour
 + Level 2.0 Dodging
 - Level 3.6 Shields


You had 3 spell levels left.
You didn't know any spells.
Your spell library was empty.

Dungeon Overview and Level Annotations

Branches:
Dungeon (4/15)
 Temple: D:4-7

Altars:

Shops:
D:1 ?[!


Innate Abilities, Weirdness & Mutations

You are a tree.
Your roots penetrate the ground, keeping you stationary.
You cannot be teleported.
You are immune to unholy pain and torment.
Your maximum health is greatly increased.
Your equipment is partially melded.
((You have a pair of horns on your head.))
((You reflexively headbutt those who attack you in melee.))
You have an increased reservoir of magic. (+10% MP)
((You are resistant to electric shocks. (rElec)))


Message History

You barely miss something.
You feel sick. Something hits you but does no damage.
You are more poisoned.
You miss something. Your headbutt misses something.
You feel very sick. You block something's attack.
You barely miss something.
You feel very sick. Something hits you but does no damage.
You are more poisoned.
Something hits you.
It was a potion of haste.
You feel yourself speed up.
You feel very sick. Something hits you but does no damage.
You are lethally poisoned!
* * * LOW HITPOINT WARNING * * *
You feel very sick.
* * * LOW HITPOINT WARNING * * *
You feel sick.
* * * LOW HITPOINT WARNING * * *
You feel very sick.
It was a potion of lignification.
You turn into a tree.
Your +2 scale mail of fire resistance melds into your body.
You feel less resistant to fire.
Your roots penetrate the ground.
* * * LOW HITPOINT WARNING * * *
You feel sick.
* * * LOW HITPOINT WARNING * * *
You feel sick.
You hear some strange, mumbled words.
You are confused.
You swing at nothing.
* * * LOW HITPOINT WARNING * * *
You feel sick.
You attack the rock wall.
* * * LOW HITPOINT WARNING * * *
You feel sick.
You hear some strange, mumbled words.
A puff of flame appears from out of thin air!
The puff of flame hits you.
You die... ...# ... ...# ##.. ...# #... #### #+# #o. #.# #oo

#########.# #{#
........#.## #†#
.######....########.#
..#####.....##..♣{..#
..##......(....######
.....##.#.######
..#####.### .## #.#
.. ..# ### ###


There were no monsters in sight!

Vanquished Creatures
  Terence (D:2)
  2 adders
  A shadow imp (D:3)
  An orc (D:3)
  2 endoplasms
  A giant cockroach (D:2)
  3 goblins
  4 hobgoblins
  7 jackals
  2 kobolds
  A quokka (D:1)
  5 ball pythons
  3 bats
  A rat (D:1)
34 creatures vanquished.

Notes
Turn   | Place    | Note
-------+----------+-------------------------------------------
     0 | D:1      | Ijustatesigmund the Minotaur Fighter began the quest for
                  | the Orb.
     0 | D:1      | Reached XP level 1. HP: 19/19 MP: 0/0
   109 | D:1      | Found Gamunoev's Distillery.
   177 | D:1      | Found Vaned's Armour Shoppe.
   279 | D:1      | Reached XP level 2. HP: 27/27 MP: 1/1
   294 | D:1      | Found Weqeg's Magic Scroll Emporium.
   455 | D:2      | Reached skill level 1 in Dodging
   710 | D:2      | Reached XP level 3. HP: 31/33 MP: 2/2
   784 | D:2      | Noticed Terence
   796 | D:2      | Killed Terence
   851 | D:2      | You fall into a shaft and drop 2 floors!
  1007 | D:3      | Reached XP level 4. HP: 40/40 MP: 3/3
  1175 | D:3      | Gained mutation: You are partially covered in large bone
                  | plates. (SH +4) [potion of mutation]
  1175 | D:3      | Gained mutation: You do not regenerate when monsters are
                  | visible. [potion of mutation]
  1176 | D:3      | Lost mutation: You do not regenerate when monsters are
                  | visible. [potion of mutation]
  1176 | D:3      | Lost mutation: You are partially covered in large bone
                  | plates. (SH +4) [potion of mutation]
  1176 | D:3      | Gained mutation: You have an increased reservoir of magic.
                  | (+10% MP) [potion of mutation]
  1176 | D:3      | Gained mutation: You are resistant to electric shocks.
                  | (rElec) [potion of mutation]
  1211 | D:3      | HP: 2/61 [poisoned by an orc wizard]
  1211 | D:3      | Killed from afar by an orc wizard

Illustrated notes

Levels and vault maps discovered:
D:1:      dpeg_arrival_castle, layout_rooms, serial_shops, shop,
          nicolae_shop_window_shopping, shop, nicolae_figureground_pulse
D:2:      minmay_skewed_foursquare, layout_basic,
          shapermc_ecumenical_altar_flowoftime, minmay_heptomino_o4,
          uniq_terence
D:3:      layout_loops_corners, okawaru_gym_becter, kennysheep_generic_room_14
D:4:      layout_loops_ring, nicolae_take_the_stairs

Skill      XL: |  1  2  3  4 |
---------------+-------------+-----
Axes           | 3 4 |  4.3
Dodging        | 1 2 |  2.0
Fighting       | 4 |  4.4
Armour         | |  3.6
Shields        | |  3.6

Action                   |  1- 3 |  4- 6 || total
-------------------------+-------+-------++-------
Melee: War axe           |    59 |    27 ||    86
       Headbutt          |    11 |     4 ||    15
  Use: Potion            |       |     4 ||     4
       Scroll            |       |     2 ||     2
Armor: Scale mail        |    33 |    20 ||    53
Dodge: Dodged            |    35 |    15 ||    50
Block: Buckler           |    19 |     8 ||    27

Table legend: (Time is in decaauts)
 A = Elapsed time spent in this place.
 B = Non-inter-level travel time spent in this place.
 C = Inter-level travel time spent in this place.
 D = Time resting spent in this place.
 E = Time spent auto-exploring this place.
 F = Levels seen in this place.
 G = Mean time per level.
                   A        B        C        D        E       F      G
               +--------+--------+--------+--------+--------+-----+--------+
         Total |   1243 |   1237 |      6 |    194 |    803 |   4 |  310.8 |
       Dungeon |   1243 |   1237 |      6 |    194 |    803 |   4 |  310.8 |
               +--------+--------+--------+--------+--------+-----+--------+

Top non-repeatable levels by time:
     D:2: 472 daAuts
     D:1: 399 daAuts
     D:3: 358 daAuts
     D:4: 13 daAuts
